 Dungeon Crawl Stone Soup version 0.31-a0-986-g5e6e4ef867 (webtiles) character file.

Game seed: 10323604225645399927

555 Gelion the Shooter (level 7, -5/44 HPs)
             Began as a Gargoyle Hunter on Nov 13, 2023.
             Slain by Edmund
             ... wielding a +3 dire flail of protection
              (12 damage)
             ... on level 6 of the Dungeon.
             The game lasted 00:06:48 (3047 turns).

Gelion the Shooter (Gargoyle Hunter)                Turns: 3047, Time: 00:06:48

Health: -5/44      AC: 10    Str: 15    XL:     7   Next: 30%
Magic:  7/7        EV: 13    Int:  9    God:
Gold:   181        SH:  0    Dex: 15    Spells: 6/6 levels left

rFire   + . .        a - +0 shortbow
rCold   + . .        (shield currently unavailable)
rNeg    + . .        c - +0 leather armour
rPois   ∞            (no helmet)
rElec   +            i - +0 cloak
rCorr   +            e - +0 pair of gloves
SInv    .            p - +0 pair of boots
Will    +....        q - amulet of regeneration
Stlth   ++           k - ring of willpower
HPRegen 1.07/turn    (no ring)
MPRegen 0.10/turn

%: no passive effects
@: resistant
A: sickness immunity, AC +4, negative energy resistance 1, electricity
resistance, torment resistance 1, petrification resistance
a: no special abilities


You were on level 6 of the Dungeon.
You visited 1 branch of the dungeon, and saw 6 of its levels.

You collected 181 gold pieces.

Inventory:

Hand Weapons
 a - a +0 shortbow (weapon)
Armour
 c - a +0 leather armour (worn)
 e - a +0 pair of gloves (worn)
 i - a +0 cloak (worn)
 p - a +0 pair of boots (worn)
Jewellery
 k - a ring of willpower (left hand)
 l - a ring of resist corrosion
 q - an amulet of regeneration (around neck)
Wands
 n - a wand of flame (15)
 o - a wand of paralysis (11)
Scrolls
 b - a scroll of butterflies
 d - 2 scrolls of enchant weapon
 h - a scroll of fear {unknown}
 j - a scroll of teleportation
 m - a scroll of revelation
Potions
 f - a potion of curing


   Skills:
 + Level 4.5 Fighting
 * Level 6.7 Ranged Weapons
 + Level 3.4 Dodging
 - Level 1.1 Stealth


You had 6 spell levels left.
You didn't know any spells.
Your spell library contained the following spells:

 Spells                   Type           Power      Damage    Failure   Level
 Apportation              Tloc           0%         N/A       45%         1
 Necrotise                Necr           0%         1d4       45%         1
 Summon Small Mammal      Summ           0%         N/A       45%         1
 Jinxbite                 Hex            0%         N/A       58%         2
 Wereblood                Tmut           0%         N/A       58%         2
 Cause Fear               Hex            0%         N/A       99%         4
 Alistair's Intoxication  Tmut/Pois      0%         N/A       100%        5
 Fireball                 Conj/Fire      0%         3d3       100%        5
 Summon Hydra             Summ           0%         N/A       100%        7
 Dragon's Call            Summ           0%         N/A       100%        9
 Sublimation of Blood     Necr           Unusable   N/A       N/A         2

Dungeon Overview and Level Annotations

Branches:
Dungeon (7/15)
 Temple: D:4-7

Altars:
Elyvilon
Sif Muna
Uskayaw

Annotations:
D:6 Edmund


Innate Abilities, Weirdness & Mutations

You are immune to sickness and miasma.
Your stone body is resilient. (AC +4)
You are immune to poison.
You resist negative energy. (rN+)
You are resistant to electric shocks. (rElec)
You are resistant to unholy torment.
You are immune to petrification.


Message History

Edmund hits you with a +3 dire flail of protection!
You shoot an arrow.
The arrow hits Edmund but does no damage.
Edmund is moderately wounded.
Edmund hits you with a +3 dire flail of protection!
You shoot an arrow. The arrow barely misses Edmund.
The arrow hits the gnoll.
The gnoll is moderately wounded.
Edmund closely misses you.
You shoot an arrow. The arrow hits Edmund.
Edmund is moderately wounded.
You hear a shout!
Edmund hits you with a +3 dire flail of protection.
You shoot an arrow. The arrow closely misses Edmund.
The arrow hits the gnoll!
You kill the gnoll!
A gnoll comes into view. It is wielding a +2 spear of venom.
Edmund hits you with a +3 dire flail of protection.
You shoot an arrow. The arrow hits Edmund!
Edmund is heavily wounded.
Edmund hits you with a +3 dire flail of protection.
You shoot an arrow.
The arrow hits Edmund but does no damage.
Edmund is heavily wounded.
A gnoll comes into view. It is wielding a +0 halberd.
Edmund hits you with a +3 dire flail of protection!
* * * LOW HITPOINT WARNING * * *
You shoot an arrow. The arrow barely misses Edmund.
The arrow hits the gnoll.
The gnoll is moderately wounded.
You hear a shout!
Edmund completely misses you.
You shoot an arrow. The arrow closely misses Edmund.
The arrow hits the gnoll but does no damage.
The gnoll is moderately wounded.
A gnoll comes into view. It is wielding a +0 halberd.
Edmund hits you with a +3 dire flail of protection.
* * * LOW HITPOINT WARNING * * *
You shoot an arrow. The arrow hits Edmund.
Edmund is severely wounded.
Edmund hits you with a +3 dire flail of protection!
You die...
Edmund says, "That'll show my brother!"

# #. #.. ..
#.#### #....#
#@# #@#
#g#####.#
#####gg...g.#
#.....>....##
#.........##
#..........#
............#
..#########.#


You could see Edmund and 3 gnolls.

Vanquished Creatures
  Grinder (D:4)
  A bullfrog (D:6)
  2 orc priests (D:3)
  Ijyb (D:3)
  2 orc wizards (D:3)
  2 adders (D:3)
  4 gnolls
  A worm (D:2)
  2 dart slugs
  13 orcs
  11 ball pythons
  6 endoplasms
  6 giant cockroaches
  5 goblins
  5 hobgoblins
  2 jackals (D:1)
  2 quokkas
  5 bats
  5 frilled lizards
  9 kobolds
  11 rats
96 creatures vanquished.

Notes
Turn   | Place    | Note
-------+----------+-------------------------------------------
     0 | D:1      | Gelion the Gargoyle Hunter began the quest for the Orb.
     0 | D:1      | Reached XP level 1. HP: 12/12 MP: 1/1
    99 | D:1      | Reached XP level 2. HP: 18/18 MP: 2/2
   521 | D:1      | Reached XP level 3. HP: 16/22 MP: 3/3
  1282 | D:2      | Found a hide-covered altar of Uskayaw.
  1789 | D:3      | Found a faded altar of an unknown god.
  1897 | D:3      | Reached XP level 4. HP: 27/27 MP: 4/4
  1942 | D:3      | Noticed Ijyb
  1953 | D:3      | Killed Ijyb
  1954 | D:3      | Reached skill level 5 in Ranged Weapons
  2264 | D:3      | Reached XP level 5. HP: 32/32 MP: 5/5
  2517 | D:3      | Reached XP level 6. HP: 20/38 MP: 6/6
  2624 | D:4      | Noticed Grinder
  2651 | D:4      | Paralysed by Grinder for 5 turns
  2658 | D:4      | Killed Grinder
  2659 | D:4      | Reached skill level 6 in Ranged Weapons
  2659 | D:4      | Reached XP level 7. HP: 44/44 MP: 7/7
  2660 | D:4      | Found a shimmering blue altar of Sif Muna.
  2674 | D:4      | Found a white marble altar of Elyvilon.
  2877 | D:4      | You fall into a shaft and drop 3 floors!
  2939 | D:7      | Noticed a hornet
  3025 | D:6      | Noticed Edmund
  3047 | D:6      | Slain by Edmund

Illustrated notes

Levels and vault maps discovered:
D:1:      minmay_arrival_checkered_box, layout_loops_corners,
          minmay_pentomino_p4
D:2:      layout_basic, basic_altar, kennysheep_boxes
D:3:      layout_basic, ebering_ecumenical_altar_abandoned,
          nicolae_kite_square_tiling_tiny, minmay_joined_circles, uniq_ijyb
D:4:      layout_cave_pods, nicolae_elyvilon_peaceful_grove,
          mainiacjoe_overflow_brackets, uniq_grinder, uniq_crazy_yiuf_cottage
D:6:      layout_rooms, hangedman_ru_absence, nicolae_dithmenos_the_darkroom,
          lemuel_tele_altar, nicolae_overflow_hidden_temple, uniq_pikel,
          uniq_maggie, uniq_edmund
D:7:      layout_basic, temple_green, kennysheep_pointless_box

Skill      XL: |  1  2  3  4  5  6 |
---------------+-------------------+-----
Dodging        | 2 3 |  3.4
Fighting       | 3 4 |  4.5
Ranged Weapons | 5 6 |  6.7
Stealth        | |  1.1

Action                     |  1- 3 |  4- 6 |  7- 9 || total
---------------------------+-------+-------+-------++-------
   Fire: Shortbow          |   144 |   178 |    31 ||   353
    Use: Scroll            |       |     8 |       ||     8
         Potion            |       |     1 |     1 ||     2
 Armour: Leather armour    |    33 |    60 |    23 ||   116
  Dodge: Dodged            |    30 |    55 |    11 ||    96

Table legend: (Time is in decaauts)
 A = Elapsed time spent in this place.
 B = Non-inter-level travel time spent in this place.
 C = Inter-level travel time spent in this place.
 D = Time resting spent in this place.
 E = Time spent auto-exploring this place.
 F = Levels seen in this place.
 G = Mean time per level.
                   A        B        C        D        E       F      G
               +--------+--------+--------+--------+--------+-----+--------+
         Total |   3112 |   3059 |     53 |     14 |   2321 |   6 |  518.7 |
       Dungeon |   3112 |   3059 |     53 |     14 |   2321 |   6 |  518.7 |
               +--------+--------+--------+--------+--------+-----+--------+

Top non-repeatable levels by time:
     D:1: 917 daAuts
     D:2: 869 daAuts
     D:3: 775 daAuts
     D:4: 379 daAuts
     D:7: 148 daAuts
     D:6: 23 daAuts
